cohdb
Replays
Latest Replays
All Replays
Popular Replays
Top Player Replays
Match Explorer
How It Works
Community
CoH3 Stats
Reddit
Sign in to upload your games and track your stats! →
Sign in with Steam
Match 46139383
Unlisted
Match 46139383
Overview
Messages
Build Orders
End
Panzergrenadier Squad
Kradschützen Motorcycle Team
Panzergrenadier Squad
Construct Light Support Kompanie
MG34 Team
Fire Support Elements
Panzerjäger Mechanized Group
Flakvierling Half-track
Panzergrenadier Squad
2.5-tonne Medical Truck
Vehicle Survival Package
2.5-tonne Medical Truck
Panzerjäger Mechanized Group
Construct Mechanized Kompanie
StuG III D Assault Gun
Assault Mechanized Group
Marder III Tank Destroyer
Panzerpioneer Squad
Construct Panzerarmee Kommand
Walking Stuka Rocket Launcher
Armored Reserves
Sad Pepe
mrst3el
0
0
Comments
sign in to comment!
No comments posted yet!